 Dungeon Crawl Stone Soup version 0.28.0-45-g0d030f2227 (webtiles) character file.

Game seed: 7900661110707192479

101 ultragoat the Skirmisher (level 4, -6/35 HPs)
             Began as a Demonspawn Abyssal Knight on Apr 5, 2022.
             Was a Believer of Lugonu.
             Mangled by an orc wizard
             ... wielding a +0 dagger of electrocution
              (18 damage)
             ... on level 4 of the Dungeon.
             The game lasted 00:13:19 (3696 turns).

ultragoat the Skirmisher (DsAK)                     Turns: 3696, Time: 00:13:19

Health: -6/35      AC:  3    Str: 13    XL:     4   Next: 48%
Magic:  6/6        EV: 11    Int: 19    God:    Lugonu [**....]
Gold:   133        SH:  0    Dex: 14    Spells: 4/5 levels left

rFire   . . .      SeeInvis .   d - +1 hand axe (vorpal)
rCold   . . .      Faith    .   (no shield)
rNeg    . . .      Spirit   .   b - +0 leather armour
rPois   .          Reflect  .   (no helmet)
rElec   .          Harm     .   (no cloak)
rCorr   .          Rampage  .   (no gloves)
Will    .....                   (no boots)
Stlth   +.........              q - amulet of magic regeneration
HPRegen 0.11/turn               g - +6 ring of intelligence
MPRegen 0.50/turn               (no ring)

@: confused
A: demonic magic 1
a: Renounce Religion, Depart the Abyss, Bend Space


You were on level 4 of the Dungeon.
You worshipped Lugonu.
Lugonu was pleased with you.
You visited 1 branch of the dungeon, and saw 4 of its levels.
You visited the Abyss 1 time.

You collected 133 gold pieces.

Inventory:

Hand Weapons
 a - a +1 falchion
 d - a +1 vorpal hand axe (weapon)
Armour
 b - a +0 leather armour (worn)
Jewellery
 g - a +6 ring of intelligence (left hand)
 q - an amulet of magic regeneration (around neck)
Scrolls
 n - a scroll of noise {unknown}
 p - a scroll of enchant weapon {unknown}
Potions
 c - 4 potions of curing
 f - a potion of degeneration {unknown}
 h - 2 potions of brilliance
 i - 2 potions of flight {unknown}
 j - 2 potions of mutation {unknown}
 k - a potion of ambrosia {unknown}
 l - a potion of attraction {unknown}
 m - a potion of resistance {unknown}
 o - a potion of might {unknown}


   Skills:
 + Level 3.4 Fighting
 - Level 1.9 Long Blades
 * Level 1.6 Axes
 - Level 2.0 Armour
 - Level 1.5 Dodging
 * Level 1.4 Spellcasting
 * Level 0.7 Conjurations
 + Level 0.4 Fire Magic
 - Level 2.8 Invocations


You had 4 spell levels left.
You knew the following spells:

 Your Spells              Type           Power      Damage    Failure   Level
a - Foxfire               Conj/Fire      12%        2x1d4     19%         1

Your spell library contained the following spells:

 Spells                   Type           Power      Damage    Failure   Level
 Summon Small Mammal      Summ           4%         N/A       22%         1
 Conjure Flame            Conj/Fire      3%         6-21      47%         3
 Inner Flame              Hex/Fire       2%         N/A       54%         3
 Call Canine Familiar     Summ           1%         N/A       56%         3
 Summon Guardian Golem    Hex/Summ       1%         N/A       56%         3
 Flame Wave               Conj/Fire      3%         2d4       87%         4
 Orb of Destruction       Conj           2%         9d5       100%        7
 Spellforged Servitor     Conj/Summ      1%         N/A       100%        7


Dungeon Overview and Level Annotations

Branches:
Dungeon (4/15)
 Temple: D:4-7

Altars:
Dithmenos
Trog

Shops:
D:2 [

Annotations:
D:3 2 transporters, boopmooplesden's ghost, amateur MiBe


Innate Abilities, Weirdness & Mutations

Spells you cast may paralyse adjacent enemies.


Message History

The orc is heavily wounded.
The orc closely misses you. The orc hits you with a +0 hand axe.
You hit the orc.
You kill the orc!
Lugonu accepts your kill.
You start resting.
HP restored.
It was a potion of cancellation.
You feel magically purged.
Okay, then.
As you read the scroll of identify, it crumbles to dust.
h - 2 potions of brilliance
There is a stone staircase leading down here.
Casting: Foxfire (safe; 19% risk of failure)
Confirm with . or Enter, or press ? or * to list all spells.
Okay, then.
You climb downwards.
You hear the hiss of flowing sand.
There is an entrance to an ossuary on this level.
Hurry and find it before the portal is buried!
You hear the rapid hiss of a distant avalanche of sand.
There is a stone staircase leading up here.
Casting: Foxfire (safe; 19% risk of failure)
Confirm with . or Enter, or press ? or * to list all spells.
You conjure some foxfire!
Malevolent energies surge around you.
The orc wizard casts a spell.
The orc wizard flickers and vanishes!
Deactivating autopickup; reactivate with Ctrl-A.
The foxfire hits something.
The foxfire hits something but does no damage.
You hit something. Something hits you but does no damage.
You are electrocuted!!
Ouch! That really hurt!
You barely miss something. Something hits you. x2
You miss something.
You hear some strange, mumbled words.
You are confused.
Something hits you.
You completely miss something. Something hits you.
You hit something. Something hits you.
You are electrocuted!!
Ouch! That really hurt!
You die...

##### ##### #...########
#...# #..<...#...## #...#
#....{......## #...#
##...@.......# #...##
#.(.........# #....##
#...........###......
#####..........#......##.
..........................
######.####.##..####...###
#. #....## #.....## #.
###..### ♣'♣♣♣+♣# #.
#....# ♣.....♣


There were no monsters in sight!

Vanquished Creatures
  3 gnolls (D:3)
  2 adders
  A dart slug (D:2)
  3 orcs (D:3)
  6 bats
  3 endoplasms
  5 goblins
  6 hobgoblins
  6 jackals
  A quokka (D:1)
  4 ball pythons
  4 frilled lizards
  A kobold (D:2)
  2 rats (D:1)
47 creatures vanquished.

Vanquished Creatures (others)
  2 foxfires (D:4)
2 creatures vanquished.

Grand Total: 49 creatures vanquished

Notes
Turn   | Place    | Note
-------+----------+-------------------------------------------
     0 | Abyss:1  | ultragoat the Demonspawn Abyssal Knight began the quest for
                  | the Orb.
     0 | Abyss:1  | Reached XP level 1. HP: 18/18 MP: 2/2
    30 | Abyss:2  | Found a corrupted altar of Lugonu.
    57 | Abyss:2  | Noticed a raiju
    77 | Abyss:3  | Noticed a large abomination
    84 | Abyss:3  | Noticed a water elemental
    91 | D:1      | Escaped the Abyss
   196 | D:1      | Reached skill level 1 in Dodging
   306 | D:1      | Reached * piety under Lugonu
   414 | D:1      | Gained mutation: Spells you cast may paralyse adjacent
                  | enemies. [demonic ancestry]
   414 | D:1      | Reached XP level 2. HP: 20/24 MP: 4/4
   684 | D:1      | Found a faded altar of an unknown god.
  1266 | D:2      | Reached XP level 3. HP: 29/29 MP: 5/5
  1271 | D:2      | Found Odumud's Antique Armour Emporium.
  1283 | D:2      | Reached skill level 1 in Axes
  1327 | D:2      | Learned a level 1 spell: Foxfire
  1757 | D:3      | Reached skill level 1 in Spellcasting
  1989 | D:3      | Reached ** piety under Lugonu
  2018 | D:3      | Found a faded altar of an unknown god.
  2023 | D:3      | Found a shadowy altar of Dithmenos.
  2074 | D:3      | Found a transporter.
  2078 | D:3      | Noticed boopmooplesden's ghost (amateur MiBe)
  2109 | D:3      | Found a transporter.
  2766 | D:3      | Reached XP level 4. HP: 29/35 MP: 6/6
  3176 | D:4      | Found a bloodstained altar of Trog.
  3696 | D:4      | Mangled by an orc wizard

Illustrated notes

Levels and vault maps discovered:
D:1:      tarquinn_simple_flora_water_d, layout_loops_corners,
          hellmonk_ecumenical_altar_lost_god
D:2:      layout_rooms, serial_shops, nicolae_shop_overgrown_old_shop
D:3:      layout_basic, nicolae_overflow_ecumenical_swirl,
          nicolae_overflow_hidden_temple, gammafunk_ghost_mausoleum,
          kennysheep_minor_cross
D:4:      layout_rooms, bloody_makhleb, mainiacjoe_overflow_six_doors_small,
          jmf_multi_god_temple2, serial_bayou, serial_bayou_lagoon_b,
          serial_bayou_pond_a, serial_bayou_crossing, serial_bayou_pond_e,
          enter_ossuary_4, st_stairs_11, uniq_sigmund, uniq_robin

Skill      XL: |  1  2  3 |
---------------+----------+-----
Dodging        | 1 |  1.5
Armour         | 2 |  2.0
Axes           | 1 |  1.6
Spellcasting   | 1 |  1.4
Fighting       | |  3.4
Long Blades    | |  1.9
Conjurations   | |  0.7
Fire Magic     | |  0.4
Invocations    | |  2.8

Action                   |  1- 3 |  4- 6 || total
-------------------------+-------+-------++-------
Melee: Falchion          |    21 |       ||    21
       Hand axe          |   107 |    21 ||   128
       Punch             |     3 |       ||     3
 Cast: Foxfire           |       |     1 ||     1
Invok: Depart the Abyss  |     1 |       ||     1
  Use: Scroll            |     1 |     1 ||     2
       Potion            |       |     2 ||     2
Armor: Leather armour    |    34 |     2 ||    36
Dodge: Dodged            |    77 |     9 ||    86
